AoeStats
← GORGORY

Arabian Desert

509872011Analyzed
1v1 RM · 3d ago on Sep 28, 2026· 54m 12s· 2 players
Game mode
Random Map
Map size
Tiny (2 player)
Population
200
Speed
Normal
Resources
Standard
Victory
Conquest
Starting age
Dark Age
Ending age
Imperial Age
RankedLock teamsTeams togetherTeam positionsShared explorationLock speedFull tech treeHidden civsTurbo modeCheats
Victory
Defeat
🇦🇷 Ethiopians · Argentina
915
+14
🇸🇰 Bohemians · Slovakia
881
-14
Terárko
7:39 Loom
10:50 Feudal Age
12:21 Double-Bit Axe
17:13 Wheelbarrow
22:08 Castle Age
22:20 Pikeman
22:24 Crossbowman
23:48 Fletching
24:09 Forging
24:00 Scale Mail Armor
28:46 Horse Collar
30:11 Heavy Plow
31:29 Ballistics
32:10 Chemistry
32:16 Bodkin Arrow
32:22 Padded Archer Armor
33:25 Chain Mail Armor
33:18 Scale Barding Armor
34:29 Iron Casting
34:48 Hand Cart
41:06 Imperial Age
41:19 Chain Barding Armor
41:15 Leather Archer Armor
41:07 Halberdier
42:17 Husbandry
43:24 Bracer
43:17 Arbalester
44:41 Light Cavalry
46:49 Elite Skirmisher
47:38 Hussite Reforms
47:53 Conscription
47:25 Cavalier
51:24 Leather Archer Armor
51:39 Plate Mail Armor
52:10 Blast Furnace
53:04 Ring Archer Armor
53:08 Plate Mail Armor
GORGORY
5:51 Loom
9:08 Feudal Age
9:34 Double-Bit Axe
9:36 Horse Collar
13:58 Wheelbarrow
18:02 Castle Age
17:01 Stone Mining
17:06 Gold Mining
19:26 Bow Saw
20:07 Town Watch
20:52 Fervor
26:15 Forging
26:05 Scale Mail Armor
26:18 Heavy Plow
27:09 Sanctity
26:57 Elite Skirmisher
27:59 Chain Mail Armor
29:41 Squires
29:27 Arson
32:32 Hand Cart
32:18 Town Patrol
32:59 Ballistics
32:35 Murder Holes
34:09 Gold Shaft Mining
36:10 Royal Heirs
37:35 Stone Shaft Mining
40:17 Imperial Age
38:00 Thumb Ring
38:01 Padded Archer Armor
37:51 Fletching
37:33 Elite Skirmisher
38:58 Leather Archer Armor
39:16 Bodkin Arrow
40:21 Elite Shotel Warrior
41:21 Conscription
42:21 Iron Casting
42:16 Plate Mail Armor
43:51 Crossbowman
43:54 Capped Ram
44:36 Bracer
45:06 Ring Archer Armor
44:22 Arbalester
47:06 Two-Man Saw
Connection lost

Rejoining the realm…

Still unreachable

The connection could not be restored.

Session expired

The server has moved on; the page needs a fresh start.